 Dungeon Crawl Stone Soup version 0.30.1-3-gfc49f6343a (webtiles) character file.

Game seed: 3627174101126411653

49 Peloso the Covered (level 3, -1/33 HPs)
             Began as a Minotaur Fighter on July 26, 2023.
             Slain by Sigmund
             ... wielding a +0 scythe
              (5 damage)
             ... on level 2 of the Dungeon.
             The game lasted 00:01:42 (846 turns).

Peloso the Covered (Minotaur Fighter)                Turns: 846, Time: 00:01:43

Health: -1/33      AC:  9    Str: 20    XL:     3   Next: 51%
Magic:  2/2        EV:  8    Int:  5    God:
Gold:   0          SH:  4    Dex: 11    Spells: 2/2 levels left

rFire   . . .        a - +0 long sword
rCold   . . .        d - +0 buckler
rNeg    . . .        c - +0 chain mail
rPois   .            (helmet restricted)
rElec   .            (no cloak)
rCorr   .            (no gloves)
SInv    .            (no boots)
Will    .....        (no amulet) Stlth
                     (no ring)
HPRegen 0.25/turn    (no ring)
MPRegen 0.08/turn

%: no passive effects
@: no status effects
A: horns 2, retaliatory headbutt
a: no special abilities


You were on level 2 of the Dungeon.
You visited 1 branch of the dungeon, and saw 2 of its levels.

Inventory:

Hand Weapons
 a - a +0 long sword (weapon)
Armour
 b - a +0 scale mail
 c - a +0 chain mail (worn)
 d - a +0 buckler (worn)
Jewellery
 p - a ring of protection from fire
Scrolls
 e - a scroll of enchant armour {unknown}
 f - a scroll of immolation {unknown}
 h - 3 scrolls of blinking {unknown}
 j - a scroll of teleportation {unknown}
 k - a scroll of vulnerability {unknown}
 l - a scroll of identify {unknown}
 o - a scroll of torment {unknown}
Potions
 i - a potion of heal wounds {unknown}
 m - a potion of brilliance {unknown}
 n - a potion of might


   Skills:
 + Level 4.1 Fighting
 + Level 3.0 Long Blades
 + Level 4.2 Armour
 + Level 1.2 Dodging
 + Level 3.8 Shields


You had 2 spell levels left.
You didn't know any spells.
Your spell library was empty.

Dungeon Overview and Level Annotations

Branches:
Dungeon (2/15)

Altars:

Annotations:
D:2 Sigmund


Innate Abilities, Weirdness & Mutations

You have a pair of horns on your head.
You reflexively headbutt those who attack you in melee.


Message History

p - a ring of protection from fire Sigmund the Dreaded comes into view.
He is wielding a +0 scythe.
Sigmund shouts!
Sigmund mumbles some strange words.
Sigmund flickers and vanishes!
Deactivating autopickup; reactivate with Ctrl-A.
There is a strange disturbance nearby!
There is a strange disturbance nearby!
A hobgoblin comes into view.
The hobgoblin shouts!
Something hits you but does no damage. Something completely misses you.
You slash something! Your headbutt misses something. Something hits you.
You completely miss something. Your headbutt misses something.
Something hits you but does no damage.
You miss something. You hit something but do no damage. Something hits you!
You closely miss something. Your headbutt misses something. Something hits you.
You hit something but do no damage. Something hits you!
You hit something. Something hits you.
You barely miss something.
You hear some strange, mumbled words.
A magic dart appears from out of thin air!
The magic dart hits you.
You closely miss something.
You hear some strange, mumbled words.
You are confused.
You bump into the rock wall.
Something hits you!
* * * LOW HITPOINT WARNING * * *
It was a potion of curing.
You feel better. Something hits you but does no damage.
You closely miss something. Your headbutt misses something.
You barely miss something. Something hits you.
* * * LOW HITPOINT WARNING * * *
You miss something. Something hits you.
* * * LOW HITPOINT WARNING * * *
You miss something. Something hits you.
* * * LOW HITPOINT WARNING * * *
You hit something. Something hits you.
You die...

####..###..# ......#
#..# ####.## #..## #
#.####.#.## ##
#.....###.#
.########.#.## . ..##
##.#.## ...
...####....########.....
...+............@{g.....
...####....##########...
..## ##.#.##### .##
#........# ## #.##.###.#
# #.##.# #.# #.##.# #.#
#.##.# #.# # #.##.###.#


You could see a hobgoblin.

Vanquished Creatures
  An adder (D:2)
  A dart slug (D:1)
  4 ball pythons
  5 bats
  2 endoplasms
  A giant cockroach (D:1)
  4 goblins (D:1)
  3 hobgoblins (D:1)
  2 jackals (D:1)
  2 quokkas (D:1)
  A frilled lizard (D:1)
  5 kobolds (D:1)
  A rat (D:1)
32 creatures vanquished.

Notes
Turn   | Place    | Note
-------+----------+-------------------------------------------
     0 | D:1      | Peloso the Minotaur Fighter began the quest for the Orb.
     0 | D:1      | Reached XP level 1. HP: 19/19 MP: 0/0
   180 | D:1      | Reached XP level 2. HP: 22/27 MP: 1/1
   342 | D:1      | Reached XP level 3. HP: 33/33 MP: 2/2
   610 | D:2      | Reached skill level 1 in Dodging
   823 | D:2      | Noticed Sigmund
   846 | D:2      | Slain by Sigmund

Illustrated notes

Levels and vault maps discovered:
D:1:      tarquinn_simple_flora_water_a, layout_basic, minmay_cupped
D:2:      layout_loops_corners, basic_ecumenical_altar, grunt_decor_arrowhead,
          uniq_sigmund

Skill      XL: |  1  2  3 |
---------------+----------+-----
Fighting       | 4 |  4.1
Armour         | 4 |  4.2
Dodging        | 1 |  1.2
Long Blades    | 3 |  3.0
Shields        | |  3.8

Action                     || total
---------------------------++-------
  Melee: Long sword        ||    77
         Headbutt          ||    11
    Use: Potion            ||     1
 Armour: Scale mail        ||    29
         Chain mail        ||     6
  Dodge: Dodged            ||    36
  Block: Buckler           ||    22
